 Dungeon Crawl Stone Soup version 0.30.1-11-g7821555f0a (webtiles) character file.

Game seed: 1667114483531818675

4279 Steppenwulf the Carver (level 10, -17/92 HPs)
             Began as a Minotaur Fighter on Dec 4, 2023.
             Was a Follower of the Shining One.
             Demolished by Gastronok (33 damage)
             ... on level 8 of the Dungeon.
             The game lasted 01:10:13 (6070 turns).

Steppenwulf the Carver (Minotaur Fighter)           Turns: 6070, Time: 01:10:13

Health: -17/92     AC: 20    Str: 22    XL:     10   Next: 10%
Magic:  9/9        EV: 11    Int:  5    God:    the Shining One [*.....]
Gold:   566        SH:  6    Dex: 13    Spells: 9/9 levels left

rFire   . . .        a - +0 long sword
rCold   . . .        c - +0 buckler
rNeg    . . .        p - +0 chain mail
rPois   .            (helmet restricted)
rElec   .            (no cloak)
rCorr   .            (no gloves)
SInv    .            C - +3 pair of seven-league boots {Rampage+∞}
Will    .....        (no amulet) Stlth
                     h - +4 ring of protection
HPRegen 0.35/turn    (no ring)
MPRegen 0.11/turn

%: rampage+∞
@: glowing
A: horns 2, retaliatory headbutt
a: Renounce Religion, Divine Shield


You were on level 8 of the Dungeon.
You worshipped the Shining One.
The Shining One was aware of your devotion.
You visited 1 branch of the dungeon, and saw 8 of its levels.

You collected 566 gold pieces.

Inventory:

Hand Weapons
 a - a +0 long sword (weapon)
 b - a +2 halberd of freezing
 f - a +2 whip of flaming
 k - a +3 spear
 o - a +1 vampiric dagger
 r - a +4 dagger
 u - a +3 mace of freezing
 x - a +3 short sword
 E - a +3 battleaxe
 H - a +4 halberd
 L - a +0 rapier
Missiles
 e - 63 stones (quivered)
 y - 5 boomerangs
 B - 6 poisoned darts
Armour
 c - a +0 buckler (worn)
 p - a +0 chain mail (worn)
 C - the +3 pair of seven-league boots (worn) {Rampage+∞}
   (You found it on level 6 of the Dungeon)

   Rampage+∞: When moving toward enemies, its wearer moves as far as possible,
   alerting their target en route.
Magical Staves
 t - a staff of earth
Jewellery
 h - a +4 ring of protection (left hand)
 v - a ring of flight
 J - a ring of willpower
Wands
 D - a wand of flame (36)
 I - a wand of roots (7)
Scrolls
 j - 3 scrolls of immolation
 n - 4 scrolls of teleportation {unknown}
 s - 2 scrolls of amnesia
 A - a scroll of fear {unknown}
 F - a scroll of poison {unknown}
 G - a scroll of silence
 K - 3 scrolls of noise
 M - a scroll of identify
Potions
 d - a potion of might
 g - 2 potions of haste
 i - a potion of brilliance {unknown}
 l - 4 potions of magic {unknown}
 m - 3 potions of lignification {unknown}
 q - a potion of mutation
 w - a potion of heal wounds {unknown}
 z - 3 potions of curing


   Skills:
 + Level 9.7 Fighting
 + Level 10.7 Long Blades
 + Level 10.0 Armour
 + Level 6.7 Dodging
 + Level 0.2 Stealth
 + Level 9.1 Shields


You had 9 spell levels left.
You didn't know any spells.
Your spell library contained the following spells:

 Spells                   Type           Power      Damage    Failure   Level
 Sandblast                Erth           0%         2d4       96%         1
 Passwall                 Tmut/Erth      0%         N/A       99%         2
 Stone Arrow              Conj/Erth      0%         3d7       100%        3
 Tukima's Dance           Hex            0%         N/A       100%        3
 Passage of Golubria      Tloc           0%         N/A       100%        4
 Yara's Violent Unravell  Hex/Tmut       0%         3d3       100%        5


Dungeon Overview and Level Annotations

Branches:
Dungeon (8/15)             Temple (0/1) D:5
   Lair: D:8-11

Altars:
Elyvilon
Hepliaklqana
Trog
Xom
The Shining One

Shops:
D:5 :

Annotations:
D:8 Gastronok


Innate Abilities, Weirdness & Mutations

You have a pair of horns on your head.
You reflexively headbutt those who attack you in melee.


Message History

A swirling arc of seething chaos appears!
The arc of chaos hits Gastronok!
The arc of chaos hits you but does no damage.
Gastronok bites you but does no damage. Psyche hits you but does no damage.
You hit Psyche.
Psyche is lightly wounded.
Psyche hits you but does no damage.
You barely miss Psyche. You headbutt Psyche.
Psyche is moderately wounded.
Psyche laughs secretively.
Psyche casts a cantrip, but nothing happens.
You hit Psyche.
Psyche is moderately wounded.
Gastronok is no longer moving slowly.
Psyche barely misses you. Gastronok bites you but does no damage.
You slash Psyche!
Psyche is severely wounded.
Psyche hits you but does no damage. Gastronok barely misses you.
You hit Psyche.
Psyche is severely wounded.
Psyche barely misses you. You furiously retaliate!
You headbutt Psyche!
You kill Psyche!
Reactivating autopickup.
Your Armour skill increases to level 10!
You slash Gastronok! You headbutt Gastronok!
Gastronok is heavily wounded.
Gastronok barely misses you.
You hit Gastronok. You headbutt Gastronok!
Gastronok is heavily wounded.
Gastronok bites you!!
* * * LOW HITPOINT WARNING * * *
You feel better.
You hit Gastronok but do no damage.
Gastronok is heavily wounded.
Gastronok bites you.
* * * LOW HITPOINT WARNING * * *
You hit Gastronok.
Gastronok is heavily wounded.
Gastronok bites you!!
You die...

#......'...# #...
#..##....###.# ###... #..
#....###.###### #..... #..
####..........# # #.#...
#..#####..........#
#.#.####
#.................# .#.# #
#.#####....#.#....#.....#
# ..
[...###w)(#....#.###.# #
....####@......'..##.####
..............(.#.........
....$####...#######....###
..@ #...# ###...#
#...##########..#
#...##..........##
######............
#........#>..
#........####


You could see Gastronok (berserk, drained).

Vanquished Creatures
  Psyche (D:8)
  A hornet (D:8)
  Prince Ribbit (D:7)
  2 wyverns
  2 water moccasins
  2 orc warriors
  3 ice beasts
  2 black bears (D:3)
  An ogre (D:5)
  A centaur (D:6)
  2 phantoms (D:6)
  2 bullfrogs
  A scorpion (D:7)
  2 gnoll sergeants (D:7)
  5 wights (D:7)
  7 killer bees
  4 howler monkeys
  2 hounds (D:7)
  2 orc priests
  A jelly (D:6)
  A sleepcap (D:6)
  A gnoll bouda (D:6)
  4 iguanas
  4 orc wizards
  Robin (D:4)
  11 gnolls
  3 adders
  A shadow imp (D:5)
  An ufetubus (D:7)
  3 worms
  4 dart slugs
  30 orcs
  7 ball pythons
  3 endoplasms
  2 giant cockroaches
  19 goblins
  6 hobgoblins
  4 kobolds
  3 quokkas
  4 bats
  2 frilled lizards
  4 rats
162 creatures vanquished.

Vanquished Creatures (others)
  A goblin (D:4)
  A quokka (D:5)
2 creatures vanquished.

Grand Total: 164 creatures vanquished

Notes
Turn   | Place    | Note
-------+----------+-------------------------------------------
     0 | D:1      | Steppenwulf the Minotaur Fighter began the quest for the
                  | Orb.
     0 | D:1      | Reached XP level 1. HP: 19/19 MP: 0/0
   181 | D:1      | Reached XP level 2. HP: 27/27 MP: 1/1
   640 | D:2      | Reached XP level 3. HP: 25/33 MP: 2/2
  1119 | D:3      | Found a shimmering altar of Xom.
  1456 | D:3      | Noticed a black bear
  1470 | D:3      | Killed a black bear
  1471 | D:3      | Reached XP level 4. HP: 16/41 MP: 3/3
  1692 | D:3      | Reached XP level 5. HP: 47/47 MP: 4/4
  1838 | D:4      | Noticed Robin
  1897 | D:4      | Noticed a black bear
  1904 | D:4      | Reached skill level 1 in Dodging
  1916 | D:3      | Killed a black bear
  1917 | D:3      | Reached skill level 5 in Armour
  2035 | D:4      | Killed Robin
  2036 | D:4      | Reached skill level 5 in Fighting
  2153 | D:4      | Reached XP level 6. HP: 56/56 MP: 5/5
  2400 | D:4      | Found a glowing golden altar of the Shining One.
  2419 | D:4      | Reached skill level 5 in Shields
  2450 | D:4      | Became a worshipper of the Shining One
  2620 | D:5      | Entered Level 5 of the Dungeon
  2683 | D:5      | Reached skill level 5 in Long Blades
  2889 | D:5      | Reached XP level 7. HP: 69/69 MP: 6/6
  2899 | D:5      | Reached XP level 8. HP: 75/75 MP: 7/7
  2985 | D:5      | Found a white marble altar of Elyvilon.
  3019 | D:5      | Found a staircase to the Ecumenical Temple.
  3168 | D:5      | Found Daru's Book Emporium.
  3403 | D:6      | Found a bloodstained altar of Trog.
  3424 | D:6      | Found the +3 pair of seven-league boots {Rampage+∞}
  3558 | D:6      | Identified the +0 robe "Jiaty" {Str+3 Stlth- Archmagi}
  3825 | D:6      | Found a hazy altar of Hepliaklqana.
  3967 | D:6      | Reached XP level 9. HP: 80/82 MP: 8/8
  4679 | D:7      | Reached * piety under the Shining One
  4986 | D:7      | Noticed Prince Ribbit
  4999 | D:7      | Killed Prince Ribbit
  5000 | D:7      | Reached skill level 10 in Long Blades
  5677 | D:8      | Reached XP level 10. HP: 72/91 MP: 9/9
  6036 | D:8      | Noticed Gastronok
  6037 | D:8      | Noticed Psyche
  6065 | D:8      | Killed Psyche
  6066 | D:8      | Reached skill level 10 in Armour
  6070 | D:8      | Demolished by Gastronok

Illustrated notes

Levels and vault maps discovered:
D:1:      dpeg_arrival_solitude, layout_basic, serial_park_tiny_2
D:2:      layout_loops_cross
D:3:      layout_loops_corners, xom_teletrap_fun, minmay_misc_feat_more_columns
D:4:      nicolae_BIG_FREAKIN_CUBE, layout_gridville, tso_oasis_becter,
          grunt_ministairs_15, uniq_robin
D:5:      layout_basic, elyvilon_altar_4, minmay_temple_entry_large_hall,
          serial_shops, shop
D:6:      layout_loops_ring, mainiacjoe_overflow_tiny_flanked,
          lemuel_doored_altar, ebering_dispersal_statue_hall,
          minmay_misc_feat_columns
D:7:      layout_basic, serial_co_window_serial, co_window_paths_a,
          co_window_corner_a, co_window_corner_a, co_window_paths_a,
          co_window_cross_1, co_window_2corner, co_window_unsneaky_path_a,
          co_window_of_opportunity_c, co_window_broadway_a, co_window_cross_4,
          co_window_4corner_b, co_window_sun, glass_columns_a, glass_columns_c,
          glass_columns_a, glass_columns_a, uniq_prince_ribbit1
D:8:      layout_basic, minmay_overflow_temple_star_quad,
          lemuel_zombie_altar_kikubaaqudgha, uniq_psyche, uniq_gastronok

Skill      XL: |  1  2  3  4  5  6  7  8  9 10 |
---------------+-------------------------------+-----
Fighting       | 4 5 8 9 |  9.7
Shields        | 4 8 9 |  9.1
Armour         | 4 5 8 9 10 | 10.0
Long Blades    | 3 4 8 9 10 | 10.7
Dodging        | 1 6 |  6.7
Stealth        | |  0.2

Action                     |  1- 3 |  4- 6 |  7- 9 | 10-12 || total
---------------------------+-------+-------+-------+-------++-------
  Melee: Long sword        |   101 |   137 |   254 |    22 ||   514
         Headbutt          |     5 |    33 |    76 |     9 ||   123
    Use: Scroll            |       |    10 |       |       ||    10
         Potion            |       |     3 |     1 |     2 ||     6
 Armour: Scale mail        |    77 |    57 |       |       ||   134
         Chain mail        |       |    46 |   133 |     9 ||   188
  Dodge: Dodged            |    51 |    76 |   148 |     5 ||   280
  Block: Buckler           |    22 |    57 |    81 |       ||   160
